 Dungeon Crawl Stone Soup version 0.29.1-12-g30fa7ad0bf (webtiles) character file.

Game seed: 13213081081127918644

103 croobank the Conjurer (level 4, -9/32 HPs)
             Began as a Demonspawn Conjurer on Dec 23, 2022.
             Mangled by Terence
             ... wielding a +0 flail
              (14 damage)
             ... on level 2 of the Dungeon.
             The game lasted 00:05:38 (2758 turns).

croobank the Conjurer (Demonspawn Conjurer)         Turns: 2758, Time: 00:05:39

Health: -9/32      AC:  4    Str:  8    XL:     4   Next: 51%
Magic:  3/8        EV: 12    Int: 21    God:
Gold:   96         SH:  0    Dex: 11    Spells: 2/8 levels left

rFire   . . .      SeeInvis .   b - +0 short sword (speed)
rCold   . . .      Faith    .   (no shield)
rNeg    . . .      Spirit   .   a - +0 robe
rPois   .          Reflect  .   (no helmet)
rElec   .          Harm     .   (no cloak)
rCorr   .          Rampage  .   (no gloves)
Will    .....                   (no boots)
Stlth   ++........              (no amulet)
HPRegen 0.10/turn               (no ring)
MPRegen 0.11/turn               (no ring)

@: no status effects
A: icy blue scales 1
a: no special abilities


You were on level 2 of the Dungeon.
You visited 1 branch of the dungeon, and saw 2 of its levels.

You collected 96 gold pieces.

Inventory:

Hand Weapons
 b - a +0 short sword of speed (weapon)
Missiles
 c - 2 throwing nets
 i - 3 datura-tipped darts (quivered)
Armour
 a - a +0 robe (worn)
Jewellery
 d - an amulet of reflection
Scrolls
 e - 3 scrolls of identify {unknown}
 g - 3 scrolls of poison {unknown}
 h - a scroll of vulnerability {unknown}
 k - a scroll of butterflies {unknown}
 m - a scroll of amnesia {unknown}
Potions
 f - a potion of berserk rage {unknown}
 j - 2 potions of curing {unknown}
 l - a potion of degeneration {unknown}


   Skills:
 + Level 1.2 Fighting
 + Level 2.5 Dodging
 + Level 2.6 Stealth
 + Level 2.7 Spellcasting
 + Level 4.4 Conjurations


You had 2 spell levels left.
You knew the following spells:

 Your Spells              Type           Power      Damage    Failure   Level
a - Magic Dart            Conj           84%        1d7       2%          1
b - Searing Ray           Conj           42%        2d6       3%          2
c - Dazzling Flash        Conj/Hex       24%        N/A       17%         3

Your spell library contained the following spells:

 Spells                   Type           Power      Damage    Failure   Level
 Call Canine Familiar     Summ           2%         N/A       38%         3
 Portal Projectile        Hex/Tloc       4%         N/A       38%         3
 Fulminant Prism          Conj/Hex       6%         3d7       50%         4
 Iskenderun's Mystic Bla  Conj/Tloc      12%        2d5       50%         4
 Leda's Liquefaction      Hex/Erth       1%         N/A       80%         4


Dungeon Overview and Level Annotations

Branches:
Dungeon (2/15)

Altars:

Annotations:
D:2 Terence


Innate Abilities, Weirdness & Mutations

You are partially covered in icy blue scales. (AC +2)


Message History

Items here: ))) †.
Items here: )) [[ †††.
Throw: 5 darts (datura)
Press: ? - help, Q - select action, (/) - cycle Shift-Dir - straight line, f/p - Terence
Aim: Terence, wielding a +0 flail and wearing a +0 scale mail (wandering, hasn't noticed you, 58% to hit, chance to frenzy on hit: 100%)
You throw a datura-tipped dart.
The datura-tipped dart closely misses Terence.
Terence shouts!
Throw: 4 darts (datura)
Press: ? - help, Q - select action, (/) - cycle Shift-Dir - straight line, f/p - Terence
Aim: Terence, wielding a +0 flail and wearing a +0 scale mail (58% to hit, chance to frenzy on hit: 100%)
You throw a datura-tipped dart. The datura-tipped dart hits Terence.
Terence flies into a frenzy!
You hit Terence.
Terence is lightly wounded.
Terence hits you with a +0 flail! Terence hits you with a +0 flail.
You closely miss Terence.
Terence is lightly wounded.
Terence misses you.
Casting: Magic Dart (safe; 2% risk of failure)
Confirm with . or Enter, or press ? or * to list all spells.
Aiming: Searing Ray (safe; 3% risk of failure)
Press: ? - help, Shift-Dir - straight line, f/p - Terence
Aim: Terence, wielding a +0 flail and wearing a +0 scale mail (lightly wounded, fast, strong, frenzied and insane, 81% to hit)
The searing ray hits Terence.
Terence is heavily wounded. (Press . to maintain the ray.) Terence barely misses you.
The searing ray hits Terence.
Terence is heavily wounded.
Terence hits you with a +0 flail! Terence hits you with a +0 flail.
The searing ray hits Terence.
Terence is severely wounded.
Terence hits you with a +0 flail!
* * * LOW HITPOINT WARNING * * *
The searing ray hits Terence.
Terence is almost dead.
You finish channelling your searing ray.
Terence hits you with a +0 flail!
You die...

####.#.###.##.#.#.#
.....#.# #.##.#.<.#
######.# #.##.#####
.....#.# #.##.#
.....#.###.##.#
.....#...#.##.#
###.##.#.#.##.#
#......#.##.######
########.##.#.@..#
#......#@##.#
#.#.......#.#
#.#...(...#.#
#.#(<.....#.#
#.#########.#
#...)..(.)).#
#############


You could see the neutral Terence (fast, strong, insane).

Vanquished Creatures
  4 gnolls (D:2)
  2 adders (D:2)
  A dart slug (D:1)
  4 ball pythons
  3 endoplasms (D:1)
  A giant cockroach (D:1)
  4 goblins
  3 hobgoblins
  2 kobolds (D:1)
  A quokka (D:1)
  A bat (D:1)
  A rat (D:2)
27 creatures vanquished.

Vanquished Creatures (collateral kills)
  Robin (D:2)
  4 goblins (D:2)
  A hobgoblin (D:2)
6 creatures vanquished.

Grand Total: 33 creatures vanquished

Notes
Turn   | Place    | Note
-------+----------+-------------------------------------------
     0 | D:1      | croobank the Demonspawn Conjurer began the quest for the
                  | Orb.
     0 | D:1      | Reached XP level 1. HP: 13/13 MP: 3/3
    66 | D:1      | Found a faded altar of an unknown god.
   360 | D:1      | Gained mutation: You are partially covered in icy blue
                  | scales. (AC +2) [demonic ancestry]
   360 | D:1      | Reached XP level 2. HP: 19/19 MP: 0/5
   839 | D:1      | Learned a level 2 spell: Searing Ray
  1682 | D:2      | Reached XP level 3. HP: 25/25 MP: 0/6
  1686 | D:2      | Learned a level 3 spell: Dazzling Flash
  1856 | D:2      | Reached skill level 1 in Fighting
  1856 | D:2      | Reached XP level 4. HP: 3/32 MP: 0/7
  2711 | D:2      | Noticed Terence
  2715 | D:2      | Noticed Robin
  2717 | D:2      | Killed Robin
  2758 | D:2      | Mangled by Terence

Illustrated notes

Levels and vault maps discovered:
D:1:      minmay_arrival_wavy_path, layout_loops_ring,
          hellmonk_ecumenical_altar_run_dry
D:2:      layout_basic, uniq_robin, uniq_terence

Skill      XL: |  1  2  3 |
---------------+----------+-----
Stealth        | 2 |  2.6
Dodging        | 2 |  2.5
Fighting       | 1 |  1.2
Spellcasting   | |  2.7
Conjurations   | |  4.4

Action                   |  1- 3 |  4- 6 || total
-------------------------+-------+-------++-------
Melee: Unarmed           |    16 |       ||    16
       Punch             |     1 |       ||     1
       Short sword       |    23 |     8 ||    31
Throw: Dart              |       |     3 ||     3
 Cast: Magic Dart        |    36 |     2 ||    38
       Searing Ray       |     5 |     2 ||     7
  Use: Potion            |     2 |       ||     2
       Scroll            |     1 |       ||     1
Armor: Robe              |     9 |     2 ||    11
Dodge: Dodged            |    28 |     3 ||    31
